AoeStats
← MUSLIM G0 H0M3

Arabia

507154013Analyzed
1v1 RM · 16d ago on Sep 16, 2026· 44m 21s· 2 players
Game mode
Random Map
Map size
Tiny (2 player)
Population
200
Speed
Normal
Resources
Standard
Victory
Conquest
Starting age
Dark Age
Ending age
Imperial Age
RankedLock teamsTeams togetherTeam positionsShared explorationLock speedFull tech treeHidden civsTurbo modeCheats
Victory
Defeat
🇦🇷 Spanish · Argentina
910
+18
🇫🇮 Mongols · Finland
957
-18
MUSLIM G0 H0M3
7:10 Loom
9:28 Feudal Age
10:05 Double-Bit Axe
10:02 Horse Collar
13:42 Town Watch
15:38 Wheelbarrow
18:57 Castle Age
17:54 Scale Mail Armor
19:33 Bloodlines
23:54 Husbandry
24:08 Fervor
27:33 Scale Barding Armor
27:38 Town Patrol
27:15 Pikeman
28:43 Chain Mail Armor
28:56 Squires
29:53 Forging
31:15 Iron Casting
31:22 Chain Barding Armor
31:14 Heavy Plow
36:39 Imperial Age
37:00 Bow Saw
36:46 Gold Mining
37:23 Halberdier
38:34 Plate Mail Armor
39:04 Blast Furnace
39:09 Chemistry
38:44 Supremacy
41:16 Light Cavalry
42:32 Plate Barding Armor
42:40 Conscription
42:57 Hussar
ionn
9:26 Feudal Age
10:28 Double-Bit Axe
10:40 Loom
15:46 Horse Collar
22:03 Castle Age
21:42 Scale Barding Armor
21:49 Forging
22:38 Bloodlines
23:49 Chain Barding Armor
24:04 Iron Casting
25:50 Husbandry
32:25 Wheelbarrow
35:22 Fletching
35:56 Hand Cart
40:40 Bodkin Arrow
40:49 Padded Archer Armor
43:41 Imperial Age
Connection lost

Rejoining the realm…

Still unreachable

The connection could not be restored.

Session expired

The server has moved on; the page needs a fresh start.